 Dungeon Crawl Stone Soup version 0.19.0-19-g8c6edcc (webtiles) character file.

604 Gargoyl the Skirmisher (level 7, -1/55 HPs)
             Began as a Demonspawn Abyssal Knight on Nov 12, 2016.
             Was a Believer of Lugonu.
             Slain by an ogre
             ... wielding a +0 giant club
              (11 damage)
             ... on level 5 of the Dungeon.
             The game lasted 00:06:59 (4197 turns).

Gargoyl the Skirmisher (Demonspawn Abyssal Knight)  Turns: 4197, Time: 00:06:59

Health: -1/55      AC: 11    Str: 14    XL:     7   Next: 18%
Magic:  10/10      EV:  6    Int: 14    God:    Lugonu [**....]
Gold:   252        SH:  0    Dex: 12    Spells: 0 memorised, 6 levels left

rFire  . . .     SeeInvis .     i - +2 hand axe (flame)
rCold  . . .     Gourm    .     f - +0 chain mail
rNeg   . . .     Faith    .     (no shield)
rPois  .         Spirit   .     (no helmet)
rElec  .         Reflect  .     (no cloak)
rCorr  .         Harm     .     (no gloves)
MR     .....                    (no boots)
Stlth  ..........               (no amulet)
                                (no ring)
                                (no ring)

@: no status effects
A: claws 2, yellow scales 1
a: Depart the Abyss, Bend Space, Renounce Religion


You were on level 5 of the Dungeon.
You worshipped Lugonu.
Lugonu was pleased with you.
You were hungry.

You visited 1 branch of the dungeon, and saw 5 of its levels.
You visited the Abyss 1 time.

You collected 252 gold pieces.

Inventory:

Hand Weapons
 a - a +1 hand axe
 i - a +2 hand axe of flaming (weapon)
Armour
 f - a +0 chain mail (worn)
Wands
 e - a wand of random effects (22/48)
Scrolls
 h - 2 scrolls of magic mapping
 l - 2 scrolls of identify
 m - a scroll of teleportation {unknown}
 q - a scroll of amnesia {unknown}
 r - a scroll of blinking {unknown}
 t - a scroll of fog {unknown}
 u - 3 scrolls of remove curse {unknown}
Potions
 d - a potion of cure mutation {unknown}
 g - 2 potions of heal wounds
 j - a potion of resistance
 k - a potion of flight
 n - a potion of haste {unknown}
 p - a potion of cancellation {unknown}
 s - a potion of degeneration {unknown}
 z - a potion of magic {unknown}
Comestibles
 b - 2 fruits
 c - 4 bread rations
 o - a beef jerky
 w - a royal jelly


   Skills:
 + Level 4.4 Fighting
 + Level 4.2 Axes
 * Level 4.4 Armour
 + Level 1.5 Dodging
 * Level 4.2 Invocations


You had 6 spell levels left.
You didn't know any spells.

Dungeon Overview and Level Annotations

Branches:
Dungeon (5/15)             Temple (0/1) D:5

Altars:
Ashenzari
Dithmenos
Elyvilon
Okawaru
Qazlal
Ru
Trog
Uskayaw


Innate Abilities, Weirdness & Mutations

You have very sharp fingernails.
You are partially covered in yellow scales. (AC +2)


Message History

You hit the ogre. You burn the ogre.
The ogre is moderately wounded.
The ogre hits you but does no damage.
You hit the ogre. You burn the ogre.
The ogre is moderately wounded.
The ogre barely misses you.
You hit the ogre. You burn the ogre.
The ogre is heavily wounded.
The ogre hits you with a giant club!!
You hit the ogre. You burn the ogre.
The ogre is severely wounded.
The ogre hits you with a giant club!
You barely miss the ogre.
The ogre is severely wounded.
The ogre hits you with a giant club!
* * * LOW HITPOINT WARNING * * *
You hit the ogre. You burn the ogre.
The ogre is almost dead.
The ogre hits you with a giant club!
You die...

#..## ##.......##
.....# ##.....##
##.##.# ##...## #.#
##..## #.# ##.#.####
#.######.###.... #
#.......#.#.####
#.###.###..####....##
#.....O@.=..........#
#####.####..###....##
#.......# #.#.##
######.####.###
#......# ########


You could see an ogre.

Vanquished Creatures
  An ogre (D:4)
  A scorpion (D:4)
  A howler monkey (D:4)
  2 hounds (D:4)
  2 orc priests (D:4)
  3 orc wizards (D:4)
  A centaur skeleton (D:4)
  An iguana (D:4)
  2 gnolls (D:4)
  6 adders
  2 oozes
  2 worms (D:2)
  A leopard gecko (D:1)
  19 orcs (D:4)
  2 giant cockroaches
  6 goblins
  8 hobgoblins
  A quokka (D:3)
  2 ball pythons
  2 bats (D:3)
  7 frilled lizards
  5 kobolds
  A quokka skeleton (D:4)
  10 rats
88 creatures vanquished.

Vanquished Creatures (collateral kills)
  A bat (D:4)
1 creature vanquished.

Vanquished Creatures (others)
  A ball python (D:4)
  A giant cockroach (D:4)
  A quokka (D:4)
3 creatures vanquished.

Grand Total: 92 creatures vanquished

Notes
Turn   | Place    | Note
-------+----------+-------------------------------------------
     0 | Abyss:1  | Gargoyl the Demonspawn Abyssal Knight began the quest for the Orb.
     0 | Abyss:1  | Reached XP level 1. HP: 18/18 MP: 2/2
   122 | Abyss:2  | Noticed a small abomination
   132 | Abyss:2  | Noticed a yellow draconian
   134 | D:1      | Escaped the Abyss
   681 | D:1      | Gained mutation: You have sharp fingernails. [demonic ancestry]
   681 | D:1      | Reached XP level 2. HP: 24/24 MP: 3/3
  1104 | D:2      | Reached * piety under Lugonu
  1139 | D:2      | Reached XP level 3. HP: 29/29 MP: 4/4
  1684 | D:2      | Noticed a moth of wrath
  1688 | D:2      | Found a bloodstained altar of Trog.
  1801 | D:3      | Found a shattered altar of Ashenzari.
  1854 | D:3      | Reached XP level 4. HP: 36/37 MP: 6/6
  1881 | D:3      | Found an iron altar of Okawaru.
  2025 | D:3      | Found a hide-covered altar of Uskayaw.
  2105 | D:3      | Reached ** piety under Lugonu
  2328 | D:3      | Found a stormy altar of Qazlal.
  2548 | D:4      | Reached skill level 1 in Dodging
  2553 | D:4      | Reached XP level 5. HP: 13/42 MP: 7/7
  2908 | D:4      | Noticed an ogre
  2936 | D:4      | Found a sacrificial altar of Ru.
  2949 | D:4      | Killed an ogre
  2958 | D:4      | Gained mutation: You are partially covered in yellow scales. (AC +2) [demonic ancestry]
  2958 | D:4      | Reached XP level 6. HP: 31/48 MP: 8/8
  3646 | D:4      | Gained mutation: You have very sharp fingernails. [demonic ancestry]
  3646 | D:4      | Reached XP level 7. HP: 34/54 MP: 10/10
  3828 | D:4      | Found a shadowy altar of Dithmenos.
  3954 | D:4      | Found a white marble altar of Elyvilon.
  4138 | D:5      | Entered Level 5 of the Dungeon
  4147 | D:5      | Found a staircase to the Ecumenical Temple.
  4197 | D:5      | Slain by an ogre

Skill      XL: |  1  2  3  4  5  6 |
---------------+-------------------+-----
Axes           | 2 3 4 |  4.2
Armour         | 2 3 4 |  4.4
Invocations    | 3 4 |  4.2
Dodging        | 1 |  1.5
Fighting       | 4 |  4.4

Action                   |  1- 3 |  4- 6 |  7- 9 || total
-------------------------+-------+-------+-------++-------
Melee: Hand axe          |    92 |   146 |    32 ||   270
Invok: Depart the Abyss  |     1 |       |       ||     1
Evoke: Wand              |       |     2 |       ||     2
  Use: Scroll            |     3 |     1 |     1 ||     5
       Potion            |       |     5 |       ||     5
  Eat: Chunk             |     3 |     6 |     1 ||    10
Armor: Chain mail        |    53 |   119 |    20 ||   192
Dodge: Dodged            |    21 |    72 |    14 ||   107
